 Dungeon Crawl Stone Soup version 0.30.1 (webtiles) character file.

Game seed: 7496510936204056927

447 Peloso the Covered (level 6, -1/53 HPs)
             Began as a Minotaur Fighter on July 8, 2023.
             Slain by Blork the orc
             ... wielding a +6 scimitar of holy wrath
              (15 damage)
             ... on level 4 of the Dungeon.
             The game lasted 00:06:25 (3778 turns).

Peloso the Covered (Minotaur Fighter)               Turns: 3778, Time: 00:06:26

Health: -1/53      AC:  8    Str: 21    XL:     6   Next: 73%
Magic:  5/5        EV: 10    Int:  5    God:
Gold:   186        SH:  5    Dex: 11    Spells: 5/5 levels left

rFire   . . .        a - +2 falchion
rCold   . . .        d - +0 buckler
rNeg    + . .        b - +1 scale mail
rPois   .            (helmet restricted)
rElec   .            (no cloak)
rCorr   .            (no gloves)
SInv    .            (no boots)
Will    .....        (no amulet) Stlth
                     e - ring of positive energy
HPRegen 0.28/turn    (no ring)
MPRegen 0.09/turn

%: no passive effects
@: no status effects
A: horns 2, retaliatory headbutt
a: no special abilities


You were on level 4 of the Dungeon.
You visited 2 branches of the dungeon, and saw 5 of its levels.

You collected 186 gold pieces.

Inventory:

Hand Weapons
 a - a +2 falchion (weapon)
 c - a +1 long sword
Armour
 b - a +1 scale mail (worn)
 d - a +0 buckler (worn)
Jewellery
 e - a ring of positive energy (left hand)
Scrolls
 f - 2 scrolls of enchant weapon
 g - 2 scrolls of blinking
 h - a scroll of identify
 i - 3 scrolls of poison {unknown}
 j - a scroll of silence {unknown}
 l - a scroll of enchant armour
 m - 3 scrolls of teleportation
Potions
 k - a potion of curing
 n - a potion of haste
 o - a potion of magic {unknown}
 p - 2 potions of brilliance {unknown}
 q - a potion of mutation {unknown}
 r - a potion of might


   Skills:
 + Level 4.6 Fighting
 + Level 4.6 Long Blades
 + Level 5.5 Armour
 + Level 3.0 Dodging
 + Level 0.7 Stealth
 + Level 5.2 Shields


You had 5 spell levels left.
You didn't know any spells.
Your spell library contained the following spells:

 Spells                   Type           Power      Damage    Failure   Level
 Apportation              Tloc           0%         N/A       86%         1
 Sublimation of Blood     Necr           0%         N/A       94%         2
 Gell's Gravitas          Tloc           0%         N/A       99%         3
 Teleport Other           Tloc           0%         N/A       99%         3
 Tukima's Dance           Hex            0%         N/A       99%         3
 Passage of Golubria      Tloc           0%         N/A       100%        4
 Petrify                  Tmut/Erth      0%         N/A       100%        4
 Irradiate                Conj/Tmut      0%         3d11      100%        5
 Yara's Violent Unravell  Hex/Tmut       0%         3d3       100%        5
 Dispersal                Tloc           0%         N/A       100%        6


Dungeon Overview and Level Annotations

Branches:
Dungeon (4/15)             Temple (1/1) D:4

Altars:
Ashenzari
Cheibriados
Elyvilon
Fedhas
Sif Muna
Trog
Uskayaw
Wu Jian
Xom
Zin
The Shining One

Annotations:
D:4 2 transporters, AIAndy's ghost, amateur BaHu; Blork the orc


Innate Abilities, Weirdness & Mutations

You have a pair of horns on your head.
You reflexively headbutt those who attack you in melee.


Message History

The puff of flame hits you!
Blork the orc is nearby!
Blork the orc is nearby!
An endoplasm comes into view.
The endoplasm quivers.
You hit Blork the orc.
Blork the orc is lightly wounded.
Blork the orc hits you with a +6 scimitar of holy wrath!
You hit Blork the orc.
Blork the orc is lightly wounded.
Blork the orc hits you with a +6 scimitar of holy wrath.
You hit Blork the orc.
Blork the orc is moderately wounded.
Blork the orc begins to cast a cantrip, but forgets the words!
You hit Blork the orc. Your headbutt misses Blork the orc.
Blork the orc is moderately wounded.
Blork the orc hits you with a +6 scimitar of holy wrath.
You hit Blork the orc.
Blork the orc is heavily wounded.
Blork the orc hits you with a +6 scimitar of holy wrath!
You hit Blork the orc.
Blork the orc is heavily wounded.
Blork the orc hits you with a +6 scimitar of holy wrath!
* * * LOW HITPOINT WARNING * * *
The endoplasm jiggles.
The endoplasm freezes you.
You are frozen.
* * * LOW HITPOINT WARNING * * *
You feel much better.
Blork the orc gestures wildly while chanting.
Blork the orc seems to speed up.
The endoplasm barely misses you.
You barely miss Blork the orc.
Blork the orc is heavily wounded.
Blork the orc hits you with a +6 scimitar of holy wrath!
* * * LOW HITPOINT WARNING * * *
The endoplasm barely misses you. You furiously retaliate!
You headbutt the endoplasm!
You kill the endoplasm!
Blork the orc hits you with a +6 scimitar of holy wrath!
You die...

#.#......#
##..##
..#..#...#
.#. ####...#
..#......#
... #..##..#
.........#
#.. ##..##..#
...#....<#
#.. #....##.#
....>....#
#..##....##.#
..##....##
#..#......#.#
..##....#
#.o#..##..#.#
..###...#
#..@.####...#
### ...#
#..........##
...#
#.##########
... #.# ...
#.# ..


You could see Blork the orc (fast).

Vanquished Creatures
  A hound (D:4)
  An orc priest (D:4)
  Jessica (D:3)
  Terence (D:2)
  Natasha (thrice) (D:4)
  Robin (D:2)
  8 adders
  5 gnolls
  A shadow imp (D:4)
  A white imp (D:3)
  An ufetubus (D:4)
  A worm (D:2)
  2 dart slugs
  8 orcs
  10 ball pythons
  10 endoplasms
  2 giant cockroaches
  10 goblins
  13 hobgoblins
  2 quokkas (D:4)
  5 bats
  5 frilled lizards
  8 kobolds
  7 rats
107 creatures vanquished.

Notes
Turn   | Place    | Note
-------+----------+-------------------------------------------
     0 | D:1      | Peloso the Minotaur Fighter began the quest for the Orb.
     0 | D:1      | Reached XP level 1. HP: 19/19 MP: 0/0
   229 | D:1      | Reached XP level 2. HP: 27/27 MP: 1/1
   906 | D:1      | Reached XP level 3. HP: 34/34 MP: 2/2
  1222 | D:2      | Found a faded altar of an unknown god.
  1296 | D:2      | Identified the +1 robe "Forget-Me-Not" {Str+2}
  1426 | D:2      | Reached XP level 4. HP: 30/41 MP: 3/3
  1542 | D:2      | Noticed Terence
  1562 | D:2      | Killed Terence
  1563 | D:2      | Reached skill level 1 in Dodging
  1563 | D:2      | Reached XP level 5. HP: 26/47 MP: 4/4
  1891 | D:2      | Noticed Robin
  2075 | D:2      | Killed Robin
  2613 | D:3      | Noticed Jessica
  2619 | D:3      | Killed Jessica
  2714 | D:3      | Found a shimmering blue altar of Sif Muna.
  2722 | D:3      | Reached skill level 5 in Armour
  2791 | D:3      | Got Sif Muna's Quarto of Places
  2796 | D:3      | Found a bloodstained altar of Trog.
  3166 | D:4      | Noticed Natasha
  3176 | D:4      | Killed Natasha
  3177 | D:4      | Reached XP level 6. HP: 50/53 MP: 5/5
  3226 | D:4      | Found a staircase to the Ecumenical Temple.
  3243 | Temple   | Entered the Ecumenical Temple
  3329 | D:4      | Noticed AIAndy's ghost (amateur BaHu)
  3334 | D:4      | Found a transporter.
  3346 | D:4      | Noticed Natasha
  3349 | D:4      | Found a transporter.
  3351 | D:4      | Killed Natasha
  3413 | D:4      | Noticed Natasha
  3423 | D:4      | Killed Natasha
  3424 | D:4      | Reached skill level 5 in Shields
  3510 | D:4      | Found a broken altar of Ashenzari.
  3769 | D:4      | Noticed Blork the orc
  3778 | D:4      | Slain by Blork the orc

Illustrated notes

Levels and vault maps discovered:
D:1:      wheals_arrival_linesprint, layout_loops_corners
D:2:      layout_rooms, hellmonk_ecumenical_altar_run_dry, uniq_robin,
          uniq_terence
D:3:      layout_basic, nzn_overflow_gifts_of_might_and_magic,
          kennysheep_generic_room_4, uniq_jessica
D:4:      layout_basic, mainiacjoe_overflow_tiny_flanked,
          minmay_temple_entry_mini_moons, gammafunk_ghost_arena,
          minmay_misc_feat_x, uniq_crazy_yiuf_cottage, uniq_blork_the_orc,
          uniq_natasha
Temple:   nicolae_temple_ecumenical_triangle

Skill      XL: |  1  2  3  4  5  6 |
---------------+-------------------+-----
Fighting       | 4 |  4.6
Armour         | 4 5 |  5.5
Shields        | 4 5 |  5.2
Long Blades    | 3 4 |  4.6
Dodging        | 1 3 |  3.0
Stealth        | |  0.7

Action                     |  1- 3 |  4- 6 || total
---------------------------+-------+-------++-------
  Melee: Long sword        |    88 |    96 ||   184
         Headbutt          |    10 |    28 ||    38
         Falchion          |       |    77 ||    77
    Use: Scroll            |     5 |     4 ||     9
         Potion            |     2 |     1 ||     3
 Armour: Scale mail        |    44 |    88 ||   132
  Dodge: Dodged            |    37 |    96 ||   133
  Block: Buckler           |    20 |    54 ||    74
